AoeStats
← Placebo33

Arabian Desert

510515664Analyzed
1v1 RM · 2d ago on Oct 1, 2026· 60m 49s· 2 players
Game mode
Random Map
Map size
Tiny (2 player)
Population
200
Speed
Normal
Resources
Standard
Victory
Conquest
Starting age
Dark Age
Ending age
Imperial Age
RankedLock teamsTeams togetherTeam positionsShared explorationLock speedFull tech treeHidden civsTurbo modeCheats
Victory
Defeat
🇩🇪 Japanese · Germany
864
+15
🇫🇷 Franks · France
851
-15
Placebo33
4:59 Loom
12:04 Feudal Age
18:33 Castle Age
17:05 Scale Barding Armor
19:41 Forging
19:25 Double-Bit Axe
23:13 Wheelbarrow
23:09 Stone Mining
23:51 Gold Mining
25:00 Devotion
28:55 Hand Cart
28:26 Town Watch
30:55 Town Patrol
32:54 Pikeman
36:14 Husbandry
38:52 Imperial Age
36:36 Squires
39:53 Cavalier
40:57 Chain Barding Armor
41:13 Iron Casting
40:39 Scale Mail Armor
41:23 Conscription
40:38 Onager
44:36 Ballistics
45:17 Chemistry
44:29 Masonry
44:06 Elite Skirmisher
45:07 Halberdier
46:30 Chivalry
49:20 Elite Throwing Axeman
49:47 Light Cavalry
52:43 Arson
53:05 Heavy Scorpion
54:56 Padded Archer Armor
54:52 Fletching
56:18 Leather Archer Armor
SPL4SH
11:39 Feudal Age
13:15 Loom
17:17 Castle Age
17:00 Double-Bit Axe
16:56 Horse Collar
17:09 Gold Mining
17:15 Stone Mining
22:04 Pikeman
22:46 Squires
25:05 Heavy Plow
27:41 Fletching
27:52 Scale Mail Armor
33:21 Imperial Age
31:27 Bodkin Arrow
31:58 Ballistics
32:18 Padded Archer Armor
33:22 Bow Saw
34:55 Murder Holes
36:08 Chemistry
35:20 Masonry
38:16 Forging
39:19 Gold Shaft Mining
39:59 Thumb Ring
39:14 Crossbowman
39:21 Halberdier
39:48 Arson
40:09 Bracer
40:25 Chain Mail Armor
40:26 Leather Archer Armor
40:51 Conscription
41:04 Arbalester
42:31 Wheelbarrow
41:42 Town Watch
43:19 Two-Man Saw
43:27 Siege Engineers
43:15 Guard Tower
44:05 Arrowslits
45:05 Iron Casting
44:57 Gambesons
44:33 Man-at-Arms
45:17 Yasama
45:50 Kataparuto
47:07 Keep
47:22 Hoardings
47:12 Bloodlines
46:23 Light Cavalry
47:20 Long Swordsman
48:15 Elite Samurai
50:15 Two-Handed Swordsman
Connection lost

Rejoining the realm…

Still unreachable

The connection could not be restored.

Session expired

The server has moved on; the page needs a fresh start.